 Dungeon Crawl Stone Soup version 0.28.0-53-g5a82cb258f (webtiles) character file.

Game seed: 15454576534428449221

49 DildoBatman the Conjurer (level 4, -10/30 HPs)
             Began as a Formicid Conjurer on June 2, 2022.
             Mangled by an iguana (12 damage)
             ... on level 4 of the Dungeon.
             The game lasted 00:02:57 (1507 turns).

DildoBatman the Conjurer (Formicid Conjurer)        Turns: 1507, Time: 00:02:58

Health: -10/30     AC:  3    Str: 12    XL:     4   Next: 1%
Magic:  5/7        EV: 12    Int: 17    God:
Gold:   55         SH:  0    Dex: 11    Spells: 4/7 levels left

rFire   . . .      SeeInvis +   a - +0 hunting sling
rCold   . . .      Faith    +   (no shield)
rNeg    . . .      Spirit   .   l - +0 robe
rPois   .          Reflect  .   (helmet unavailable)
rElec   .          Harm     .   (no cloak)
rCorr   .          Rampage  .   h - +0 pair of gloves
Will    .....                   (no boots)
Stlth   ++........              i - amulet of faith
HPRegen 0.10/turn               (no ring)
MPRegen 0.10/turn               (no ring)

@: lethally poisoned (-10 -> -12)
A: permanent stasis, dig shafts and tunnels, antennae 3, four strong arms
a: Dig, Shaft Self


You were on level 4 of the Dungeon.
You visited 1 branch of the dungeon, and saw 3 of its levels.

You collected 55 gold pieces.

Inventory:

Hand Weapons
 a - a +0 hunting sling (weapon)
Missiles
 c - 13 arrows
 e - 30 stones (quivered ammo)
 f - 33 sling bullets
Armour
 h - a +0 pair of gloves (worn)
 l - a +0 robe (worn)
Jewellery
 i - an amulet of faith (around neck)
Scrolls
 b - a scroll of vulnerability {unknown}
 d - a scroll of brand weapon {unknown}
 g - a scroll of silence {unknown}
 k - a scroll of noise {unknown}
Potions
 j - a potion of curing {unknown}


   Skills:
 - Level 1.7 Dodging
 - Level 2.4 Stealth
 - Level 2.1 Spellcasting
 * Level 4.8 Conjurations


You had 4 spell levels left.
You knew the following spells:

 Your Spells              Type           Power      Damage    Failure   Level
a - Searing Ray           Conj           36%        2d5       3%          2
c - Magic Dart            Conj           72%        1d6       2%          1

Your spell library contained the following spells:

 Spells                   Type           Power      Damage    Failure   Level
 Dazzling Flash           Conj/Hex       20%        N/A       22%         3
 Fulminant Prism          Conj/Hex       5%         3d7       56%         4
 Iskenderun's Mystic Bla  Conj/Tloc      10%        2d4       56%         4


Dungeon Overview and Level Annotations

Branches:
Dungeon (2/15)

Altars:


Innate Abilities, Weirdness & Mutations

You cannot be hasted, slowed, berserked, paralysed or teleported.
You can dig through walls and to a lower floor.
You have a pair of large antennae on your head. (SInv)
Your four strong arms can wield two-handed weapons with a shield.


Message History

The iguana closely misses you. The kobold completely misses you.
What are your orders? t - Shout!
Orders for allies: a - Attack new target. r - Retreat! s - Stop attacking. g - Guard the area. f - Follow me.
Anything else - Cancel.
You shout for attention!
The adder bites you.
You are poisoned.
The adder poisons you! The adder barely misses you.
The iguana closely misses you.
An orc comes into view. It is wielding a +0 morningstar.
The kobold completely misses you. What are your orders? t - Shout!
Orders for allies: a - Attack new target. r - Retreat! s - Stop attacking. g - Guard the area. f - Follow me.
Anything else - Cancel.
You shout for attention!
You feel sick. The adder barely misses you. The iguana bites you!
The kobold hits you but does no damage. What are your orders? t - Shout!
Orders for allies: a - Attack new target. r - Retreat! s - Stop attacking. g - Guard the area. f - Follow me.
Anything else - Cancel.
You shout for attention!
You feel sick. The hound skeleton barely misses you.
The adder barely misses you. The hound skeleton misses you.
The iguana bites you!
You die...

.. .. . . .. #.
... .# ....
.#.....
...#####Zo...#.
......l@K......
...#####S......
###..#. ... .


You could see an iguana, an adder, an orc, a kobold and a hound skeleton.

Vanquished Creatures
  3 dart slugs
  6 endoplasms (D:1)
  A giant cockroach (D:1)
  2 goblins (D:2)
  4 hobgoblins
  3 jackals (D:2)
  A quokka (D:2)
  2 ball pythons (D:1)
  6 bats
  5 kobolds
  6 rats
39 creatures vanquished.

Notes
Turn   | Place    | Note
-------+----------+-------------------------------------------
     0 | D:1      | DildoBatman the Formicid Conjurer began the quest for the
                  | Orb.
     0 | D:1      | Reached XP level 1. HP: 13/13 MP: 3/3
   291 | D:1      | Reached skill level 4 in Conjurations
   291 | D:1      | Reached XP level 2. HP: 12/19 MP: 0/5
   346 | D:1      | Learned a level 2 spell: Searing Ray
   620 | D:1      | Reached XP level 3. HP: 11/24 MP: 2/6
  1089 | D:1      | Found a faded altar of an unknown god.
  1491 | D:2      | Reached XP level 4. HP: 29/30 MP: 3/7
  1493 | D:2      | You fall into a shaft and drop 2 floors!
  1507 | D:4      | Mangled by an iguana

Illustrated notes

Levels and vault maps discovered:
D:1:      amcnicky_arrival_underground_garden, layout_basic,
          shapermc_ecumenical_altar_pompeii
D:2:      layout_basic, st_stairs_1, serial_bayou_pond_d,
          chequers_serial_rivers_small_a, chequers_serial_rivers_micro_a
D:4:      layout_rooms, minitemple, kennysheep_small_circle

Skill      XL: |  1 |
---------------+----+-----
Conjurations   | 4 |  4.8
Dodging        | |  1.7
Stealth        | |  2.4
Spellcasting   | |  2.1

Action                   |  1- 3 |  4- 6 || total
-------------------------+-------+-------++-------
Melee: Unarmed           |     7 |       ||     7
       Dagger            |    27 |       ||    27
 Fire: Hunting sling     |    10 |       ||    10
 Cast: Magic Dart        |    57 |       ||    57
       Searing Ray       |     3 |       ||     3
 Abil: Shaft Self        |       |     1 ||     1
Armor: Robe              |    14 |     1 ||    15
Dodge: Dodged            |    32 |    13 ||    45
